 Dungeon Crawl Stone Soup version 0.26-a0-1049-g242049e08c (webtiles) character file.

Game seed: 17465817516810882514

25314 Maxis9 the Destroyer (level 12, -4/91 HPs)
             Began as a Demigod Conjurer on Dec 12, 2020.
             Slain by a two-headed ogre
             ... wielding a +0 giant spiked club
              (19 damage)
             ... on level 10 of the Dungeon.
             The game lasted 02:33:30 (20281 turns).

Maxis9 the Destroyer (Demigod Conjurer)            Turns: 20281, Time: 02:33:31

Health: -4/91      AC: 13    Str: 16    XL:     12   Next: 52%
Magic:  0/36       EV: 17    Int: 30    God:
Gold:   1089       SH:  0    Dex: 25    Spells: 24/33 levels left

rFire    + + .     SeeInvis +   Z - staff of cold
rCold    + + .     Faith    .   (no shield)
rNeg     . . .     Spirit   +   u - +4 moon troll leather armour {Spirit, Regen++ MP+5}
rPois    +         Reflect  .   P - -1 helmet of the Abyss {rC+ Str+3 Dex+5}
rElec    .         Harm     .   (no cloak)
rCorr    .         Rampage  .   C - +2 pair of gloves {Str+3}
Will     .....                  l - +0 pair of boots
Stlth    +++.......             b - amulet of Cicowo {Spirit rPois rF++ Will- SInv}
HPRegen  1.05/turn              w - ring of wizardry
MPRegen  0.25/turn              L - +6 ring of dexterity

@: slowed, very slow
A: high mp 1
a: no special abilities


You were on level 10 of the Dungeon.
You visited 4 branches of the dungeon, and saw 17 of its levels.

You collected 1214 gold pieces.
You spent 125 gold pieces at shops.

Inventory:

Missiles
 p - 6 curare-tipped darts
Armour
 l - a +0 pair of boots (worn)
 u - the +4 moon troll leather armour (worn) {Spirit, Regen++ MP+5}
   (You found it on level 6 of the Dungeon)

   It affects your magic capacity (+5).
   It increases your rate of regeneration.
 C - a +2 pair of gloves of strength (worn)
 P - the -1 helmet of the Abyss (worn) {rC+ Str+3 Dex+5}
   (You found it on level 8 of the Dungeon)

   It affects your strength (+3).
   It affects your dexterity (+5).
   It protects you from cold.
Magical Staves
 Z - an uncursed staff of cold (weapon)
Jewellery
 b - the amulet of Cicowo (around neck) {Spirit rPois rF++ Will- SInv}
   (You acquired it on level 2 of the Lair of Beasts)

   [amulet of guardian spirit]

   It causes incoming damage to be split between your health and magic.
   It greatly protects you from fire.
   It protects you from poison.
   It affects your willpower, your defense against some magical effects.
   It lets you see invisible.
 q - an uncursed amulet of the acrobat
 t - an uncursed ring of ice
 w - a ring of wizardry (left hand)
 y - an uncursed ring of flight
 B - an uncursed amulet of reflection
 I - the amulet "Pibb" {Faith rElec rPois rN++ Str-5}
   (You found it on level 2 of the Lair of Beasts)

   [amulet of faith]

   It allows you to gain divine favour quickly.
   It affects your strength (-5).
   It insulates you from electricity.
   It protects you from poison.
   It greatly protects you from negative energy.
 K - an uncursed ring of protection from fire {unknown}
 L - a +6 ring of dexterity (right hand)
 N - a +4 ring of evasion
Wands
 a - a wand of iceblast (23)
 j - a wand of disintegration (7)
 U - a wand of acid (5)
 W - a wand of polymorph (27)
Scrolls
 d - 6 scrolls of remove curse
 f - 3 scrolls of amnesia
 k - a scroll of magic mapping
 n - a scroll of noise
 z - 2 scrolls of enchant weapon
 G - a scroll of fear
 O - 2 scrolls of enchant armour
 V - a scroll of immolation
 X - a scroll of fog
Potions
 c - 2 potions of attraction
 e - 3 potions of curing
 g - 6 potions of might
 h - 2 potions of resistance {unknown}
 m - 2 potions of brilliance
 o - 2 potions of ambrosia
 s - 2 potions of berserk rage
 D - 3 potions of lignification
Miscellaneous
 i - a lightning rod (3/4)


   Skills:
 + Level 3.7 Fighting
 + Level 5.4 Armour
 + Level 5.8 Dodging
 + Level 5.1 Stealth
 - Level 1.4 Shields
 + Level 11.2 Spellcasting
 + Level 11.7 Conjurations
 + Level 5.8 Hexes


You had 24 spell levels left.
You knew the following spells:

 Your Spells              Type           Power        Failure   Level
a - Dazzling Flash        Conj/Hex       ######       1%          3
b - Searing Ray           Conj           ######       1%          2
c - Fulminant Prism       Conj/Hex       ######....   1%          4

Your spell library contained the following spells:

 Spells                   Type           Power        Failure   Level
 Beastly Appendage        Tmut           ###...       1%          1
 Magic Dart               Conj           ####         1%          1
 Iskenderun's Mystic Bla  Conj/Tloc      ######..     1%          4
 Wereblood                Tmut           ###.....     2%          2
 Spider Form              Tmut/Pois      ###.......   4%          3
 Ice Form                 Ice/Tmut       ####....     16%         4
 Blade Hands              Tmut           ###.......   38%         5


Dungeon Overview and Level Annotations

Branches:
Dungeon (11/15)            Temple (1/1) D:6            Lair (3/6) D:9
    Orc (2/2) D:9
  Swamp: Lair:2-4    Shoals: Lair:2-4     Snake: Lair:2-4    Spider: Lair:2-4
    Elf: Orc:2

Shops:
D:4 [

Annotations:
Lair:3 Sonja
Orc:2 Saint Roka


Innate Abilities, Weirdness & Mutations

You have an increased reservoir of magic. (+10% MP)


Message History

The two-headed ogre hits you but does no damage.
The two-headed ogre closely misses you.
The two-headed ogre closely misses you. x2
The two-headed ogre barely misses you. x2
Your surroundings seem slightly different.
As you read the scroll of teleportation, it crumbles to dust.
You feel strangely unstable.
The two-headed ogre completely misses you.
The two-headed ogre hits you but does no damage.
The two-headed ogre hits you with a +0 giant spiked club!!
* * * LOW HITPOINT WARNING * * *
The two-headed ogre closely misses you.
Your surroundings seem slightly different.
The two-headed ogre completely misses you.
The two-headed ogre misses you. x3
The two-headed ogre hits you with a +0 giant spiked club!
* * * LOW HITPOINT WARNING * * *
The two-headed ogre closely misses you.
The two-headed ogre hits you with a +0 giant spiked club!!
You die...

.................................
................#............#.#.
.............................##..
...#......÷.............#.....##.
...#.......>............#......#.
....#.#....................#.....
#.....................#..........
##................)..#....#.....#
....#..........)@O.......#.....##
....##..........#O..§.....#.#.##
....[[....#....[##.#.#.#.######
......[....#.#..#####...##
...................#...##
.#........##.##.##.##.##
..#.......##.##.##..###
...#..................#
....#......)..#.##....#


You could see 2 two-headed ogres.

Vanquished Creatures
  A stone giant (Orc:1)
  Fannar (Lair:1)
  Harold (D:10)
  2 two-headed ogres
  2 orc high priests (Orc:1)
  2 unseen horrors (D:11)
  An orc knight (Orc:1)
  2 orc sorcerers
  A manticore (D:9)
  Joseph (D:10)
  2 ugly things
  4 elephants (Lair:2)
  Maurice (D:9)
  6 cane toads
  A black mamba (Lair:3)
  Maggie (D:10)
  A komodo dragon (Lair:1)
  3 trolls
  2 hornets
  7 blink frogs
  2 wyverns (Lair:3)
  8 yaks
  4 basilisks
  A steam dragon (Lair:2)
  Menkaure (D:5)
  6 wargs
  4 water moccasins
  15 orc warriors
  A sky beast (D:6)
  An ice beast (D:8)
  3 black bears
  3 phantoms
  A necrophage (D:9)
  12 ogres
  5 wolves (Lair:2)
  4 centaurs
  A big kobold (D:10)
  12 bullfrogs
  4 scorpions
  4 wights (D:10)
  2 howler monkeys (D:10)
  4 quasits (D:5)
  A bullfrog zombie (D:7)
  2 centaur skeletons
  4 hounds
  16 orc priests
  2 jellies
  10 orc wizards
  3 iguanas
  10 worker ants
  3 worker ant zombies
  A howler monkey skeleton (D:6)
  4 gnolls
  5 adders
  A shadow imp (D:5)
  3 white imps
  2 ufetubi
  An ooze (D:1)
  6 worms
  The ghost of Zarkath the Sneak, a weakling DsDe (D:5)
  3 dart slugs
  2 leopard geckos (D:6)
  62 orcs
  4 giant cockroaches
  7 hobgoblins
  12 jackals
  16 kobolds
  4 quokkas
  2 ball pythons
  7 bats
  3 frilled lizards (D:4)
  9 goblins
  A jackal skeleton (D:6)
  A leopard gecko skeleton (D:5)
  A quokka skeleton (D:8)
  11 rats
360 creatures vanquished.

Vanquished Creatures (others)
  A wizard (D:9)
  104 fulminant prisms
  25 fungi
  21 plants
151 creatures vanquished.

Grand Total: 511 creatures vanquished

Notes
Turn   | Place    | Note
-------+----------+-------------------------------------------
     0 | D:1      | Maxis9 the Demigod Conjurer began the quest for the Orb.
     0 | D:1      | Reached XP level 1. HP: 14/14 MP: 5/5
   594 | D:1      | Reached XP level 2. HP: 20/20 MP: 4/7
  1060 | D:1      | Reached XP level 3. HP: 26/26 MP: 2/8
  1464 | D:1      | Learned a level 2 spell: Searing Ray
  2435 | D:2      | Reached XP level 4. HP: 33/33 MP: 7/10
  2893 | D:2      | Found a faded altar of an unknown god.
  3005 | D:3      | Found a basalt altar of Yredelemnul.
  3511 | D:3      | Reached XP level 5. HP: 38/38 MP: 9/12
  3623 | D:3      | Found a glowing silver altar of Zin.
  3636 | D:3      | Found an iron altar of Okawaru.
  3778 | D:4      | Noticed an ogre
  3793 | D:3      | Learned a level 4 spell: Fulminant Prism
  3928 | D:4      | Reached skill level 5 in Conjurations
  4133 | D:4      | Found Beklog's Antique Armour Boutique.
  4203 | D:4      | Noticed a phantom
  4322 | D:4      | Killed a phantom
  4323 | D:4      | Reached XP level 6. HP: 45/45 MP: 7/15
  4550 | D:4      | Bought a runed robe for 125 gold pieces
  4992 | D:4      | Reached XP level 7. HP: 50/50 MP: 10/17
  5158 | D:5      | Entered Level 5 of the Dungeon
  5257 | D:5      | Reached skill level 5 in Spellcasting
  5310 | D:5      | Found a shimmering blue altar of Sif Muna.
  5379 | D:5      | Noticed a tengu warrior
  5380 | D:5      | Found a transporter.
  5385 | D:5      | Found a transporter.
  5602 | D:5      | Noticed Menkaure
  5609 | D:5      | Killed Menkaure
  5793 | D:5      | Found a transporter.
  5940 | D:5      | Noticed Zarkath's ghost (weakling DsDe)
  5952 | D:5      | Found a transporter.
  6273 | D:5      | Learned a level 3 spell: Dazzling Flash
  6375 | D:5      | Killed Zarkath's ghost
  6620 | D:5      | Reached skill level 1 in Hexes
  6620 | D:5      | Reached XP level 8. HP: 25/58 MP: 8/20
  6622 | D:5      | HP: 2/58 [tengu warrior/+1 bardiche (24)]
  7231 | D:6      | Found the +4 moon troll leather armour {Spirit, Regen++
                  | MP+5}
  7607 | D:6      | Found a staircase to the Ecumenical Temple.
  7618 | Temple   | Entered the Ecumenical Temple
  8653 | D:7      | Reached skill level 1 in Armour
  8831 | D:7      | Reached skill level 1 in Fighting
  9685 | D:8      | Found a white marble altar of Elyvilon.
  9917 | D:8      | Reached XP level 9. HP: 67/67 MP: 23/23
 10083 | D:8      | Got a steaming helmet
 10094 | D:8      | Identified the -1 helmet of the Abyss {rC+ Str+3 Dex+5}
                  | (You found it on level 8 of the Dungeon)
 10571 | D:9      | Found a hazy altar of Hepliaklqana.
 10576 | D:9      | Found an ornate altar of the Wu Jian Council.
 10576 | D:9      | Found an opulent altar of Gozag.
 10587 | D:9      | Found a burning altar of Makhleb.
 10588 | D:9      | Found a sparkling altar of Nemelex Xobeh.
 10591 | D:9      | Found a hide-covered altar of Uskayaw.
 10805 | D:9      | Found a staircase to the Lair.
 11040 | D:9      | Reached skill level 1 in Shields
 11103 | D:9      | Noticed a manticore
 11270 | D:9      | Found a staircase to the Orcish Mines.
 11569 | D:9      | Killed a manticore
 11661 | D:9      | Found a bloodstained altar of Trog.
 11666 | D:9      | Noticed a wizard
 11669 | D:9      | Killed a wizard
 11857 | Lair:1   | Entered Level 1 of the Lair of Beasts
 11902 | Lair:1   | Noticed Fannar
 11925 | Lair:1   | Killed Fannar
 11926 | Lair:1   | Reached XP level 10. HP: 64/73 MP: 7/26
 13315 | Lair:2   | Reached skill level 10 in Conjurations
 13315 | Lair:2   | Reached XP level 11. HP: 80/80 MP: 6/28
 13560 | Lair:2   | Got a steaming brass amulet
 14260 | Lair:2   | Identified a scroll of acquirement
 14260 | Lair:2   | Acquired the amulet of Cicowo {Spirit rPois rF++ Will-
                  | SInv}
 14285 | Lair:2   | Identified the amulet "Pibb" {Faith rElec rPois rN++ Str-5}
                  | (You found it on level 2 of the Lair of Beasts)
 14726 | Lair:2   | Paralysed by a hornet for 3 turns
 15391 | Lair:3   | Found an iron altar of Okawaru.
 15401 | Lair:3   | Noticed a seven-headed hydra
 15417 | Lair:3   | Noticed Sonja
 15485 | Lair:3   | Reached skill level 10 in Spellcasting
 16114 | Orc:1    | Entered Level 1 of the Orcish Mines
 16114 | Orc:1    | Noticed an orc knight
 16124 | Orc:1    | Killed an orc knight
 16288 | Orc:1    | Noticed an orc high priest
 16294 | Orc:1    | Killed an orc high priest
 16313 | Orc:1    | Reached skill level 5 in Dodging
 16551 | Orc:1    | Noticed an orc high priest
 16643 | Orc:1    | Noticed a sun demon
 16647 | Orc:1    | Killed an orc high priest
 16714 | Orc:1    | Paralysed by an orc sorcerer for 3 turns
 16727 | D:9      | Paralysed by an orc sorcerer for 6 turns
 16735 | D:9      | Reached skill level 5 in Hexes
 17502 | Orc:2    | Entered Level 2 of the Orcish Mines
 17511 | Orc:2    | Reached skill level 5 in Armour
 17512 | Orc:2    | Noticed a stone giant
 17513 | Orc:2    | Noticed Saint Roka
 17514 | Orc:2    | Reached XP level 12. HP: 78/89 MP: 16/31
 17797 | Orc:1    | Killed a stone giant
 17798 | Orc:1    | Reached skill level 5 in Stealth
 18436 | D:10     | Entered Level 10 of the Dungeon
 18445 | D:10     | Noticed Joseph
 18461 | D:10     | Killed Joseph
 18561 | D:10     | Noticed Harold
 18659 | D:10     | Noticed Maggie
 18673 | D:10     | Noticed Maurice
 19145 | D:9      | Killed Maurice
 19274 | D:10     | Killed Maggie
 19710 | D:10     | Killed Harold
 20281 | D:10     | Slain by a two-headed ogre

Illustrated notes

Levels and vault maps discovered:
D:1:      dpeg_arrival_circle_labyrinth_a, layout_basic, st_stairs_1,
          chequers_decorated_corner, minmay_tetromino_t2
D:2:      layout_loops_ring, chequers_ecumenical_altar_grove
D:3:      layout_rooms, okawaru_trees_2, yredelemnul_altar_generic,
          moated_statue, lemuel_altar_in_water
D:4:      layout_loops_cross, serial_shops, shop
D:5:      layout_basic, gammafunk_temple_overflow_arena,
          gammafunk_ghost_stat_death, uniq_menkaure
D:6:      wad_crossroads, layout_basic, minmay_temple_entry_purple_smoke,
          enter_ossuary_5
D:7:      layout_basic
D:8:      layout_basic, basic_altar, minivault_10
D:9:      layout_long_grid, minitemple, dpeg_oklobed_lair, orc_0_dummy,
          trog_wizard
D:10:     layout_cross, grunt_ministairs_9,
          hangedman_abyss_or_decor_lesser_grid, uniq_maggie, uniq_harold,
          uniq_joseph, uniq_maurice
D:11:     layout_basic, serial_shops, nicolae_shop_trees, enter_bailey_3
Temple:   cyrus_circular_temple
Lair:1:   layout_loops_ring, uniq_fannar
Lair:2:   layout_roguey, serial_bayou_shore_b, grunt_megastairs_2
Lair:3:   layout_regular_city, basic_altar, uniq_sonja
Orc:1:    layout_diamond_mine, uniq_snorg
Orc:2:    st_orc_ogre_mass, layout_diamond_mine, uniq_saint_roka

Skill      XL: |  1  2  3  4  5  6  7  8  9 10 11 12 |
---------------+-------------------------------------+-----
Conjurations   | 4 5 6 7 8 10 11 | 11.7
Spellcasting   | 2 3 4 6 8 9 10 11 | 11.2
Stealth        | 2 3 4 5 |  5.1
Dodging        | 2 3 5 |  5.8
Hexes          | 1 2 4 5 |  5.8
Armour         | 2 3 4 5 |  5.4
Fighting       | 1 2 3 |  3.7
Shields        | 1 |  1.4

Action                   |  1- 3 |  4- 6 |  7- 9 | 10-12 || total
-------------------------+-------+-------+-------+-------++-------
Melee: Dagger            |     2 |       |       |       ||     2
       Short sword       |     2 |       |       |       ||     2
       Staff             |       |       |       |     3 ||     3
 Cast: Magic Dart        |    92 |    59 |    17 |       ||   168
       Searing Ray       |     8 |    19 |    82 |   155 ||   264
       Fulminant Prism   |       |     5 |    32 |    67 ||   104
       Dazzling Flash    |       |       |     1 |     3 ||     4
Evoke: Wand              |       |       |       |     1 ||     1
       Lightning rod     |       |       |       |     1 ||     1
  Use: Scroll            |     2 |     1 |    16 |    21 ||    40
       Potion            |       |       |     3 |     4 ||     7
Armor: Robe              |     5 |     1 |     8 |       ||    14
       Skin              |       |     1 |       |       ||     1
       Troll leather arm |       |       |    13 |    64 ||    77
Dodge: Dodged            |    18 |     8 |    35 |   220 ||   281
Block: Other             |       |       |     4 |    17 ||    21
       Reflection        |       |       |     2 |       ||     2

Table legend: (Time is in decaauts)
 A = Elapsed time spent in this place.
 B = Non-inter-level travel time spent in this place.
 C = Inter-level travel time spent in this place.
 D = Time resting spent in this place.
 E = Time spent auto-exploring this place.
 F = Levels seen in this place.
 G = Mean time per level.
                   A        B        C        D        E       F      G
               +--------+--------+--------+--------+--------+-----+--------+
         Total |  20228 |  18630 |   1598 |   5822 |   8003 |  17 | 1189.9 |
       Dungeon |  14584 |  13475 |   1109 |   3963 |   6056 |  11 | 1325.8 |
        Temple |      1 |      1 |      0 |      0 |      0 |   1 |    1.0 |
          Lair |   4014 |   3751 |    263 |   1237 |   1716 |   3 | 1338.0 |
  Orcish Mines |   1628 |   1402 |    226 |    622 |    230 |   2 |  814.0 |
               +--------+--------+--------+--------+--------+-----+--------+

Top non-repeatable levels by time:
     D:9: 2607 daAuts
  Lair:2: 2007 daAuts
     D:5: 1946 daAuts
     D:1: 1860 daAuts
   Orc:1: 1551 daAuts
     D:8: 1448 daAuts
     D:4: 1365 daAuts
     D:6: 1365 daAuts
     D:2: 1122 daAuts
  Lair:1: 1031 daAuts
    D:10: 1002 daAuts
  Lair:3: 974 daAuts
     D:3: 807 daAuts
     D:7: 713 daAuts
    D:11: 344 daAuts
